 Dungeon Crawl Stone Soup version 0.22-a0-367-gb72a975 (webtiles) character file.

114 khargal the Cudgeler (level 4, 0/29 HPs)
             Began as a Gargoyle Monk on Apr 22, 2018.
             Killed by divine providence
             ... invoked by an orc priest
              (11 damage)
             ... on level 3 of the Dungeon.
             The game lasted 00:03:57 (1724 turns).

khargal the Cudgeler (Gargoyle Monk)                Turns: 1724, Time: 00:03:58

Health: 0/29       AC:  9    Str: 15    XL:     4   Next: 97%
Magic:  4/4        EV: 13    Int: 10    God:
Gold:   74         SH:  0    Dex: 13    Spells: 3/3 levels left

rFire    . . .     SeeInvis .   e - +0 whip
rCold    . . .     Gourm    .   (no shield)
rNeg     + . .     Faith    .   g - +2 robe {MR+}
rPois    ∞         Spirit   .   (no helmet)
rElec    +         Reflect  .   (no cloak)
rCorr    .         Harm     .   m - +1 pair of gloves
MR       +....                  (no boots)
Stlth    ++........             (no amulet)
HPRegen  0.09/turn              (no ring)
MPRegen  0.09/turn              (no ring)

@: no status effects
A: negative energy resistance 1, electricity resistance, unbreathing,
petrification resistance, rot immunity, AC +3
a: no special abilities


You were on level 3 of the Dungeon.
You were not hungry.

You visited 1 branch of the dungeon, and saw 3 of its levels.

You collected 74 gold pieces.

Inventory:

Hand Weapons
 a - a +0 mace
 e - a +0 whip (weapon)
Armour
 b - a +0 robe
 g - a +2 robe of magic resistance (worn)
 i - a +0 ring mail
 m - a +1 pair of gloves (worn)
Scrolls
 k - 2 scrolls of remove curse {unknown}
 l - a scroll of magic mapping {unknown}
 n - 2 scrolls of teleportation {unknown}
 o - a scroll of enchant weapon {unknown}
Potions
 h - a potion of ambrosia {unknown}
Comestibles
 c - 3 rations
 p - 4 chunks of flesh


   Skills:
 + Level 3.8 Fighting
 + Level 4.1 Maces & Flails
 * Level 1.9 Armour
 - Level 3.0 Dodging
 - Level 2.2 Stealth


You had 3 spell levels left.
You didn't know any spells.

Dungeon Overview and Level Annotations

Branches:
Dungeon (3/15)

Altars:


Innate Abilities, Weirdness & Mutations

You are resistant to torment.
Your stone body is resilient. (AC +3)
You are immune to poison.
You resist negative energy. (rN+)
You are resistant to electric shocks. (rElec)
You can survive without breathing.
You are immune to petrification.
You are immune to rotting.


Message History

The rat closely misses you.
The orc priest mumbles some strange prayers to Beogh against you.
Beogh smites you!
The hobgoblin hits you but does no damage.
You are too injured to fight recklessly!
You are too injured to fight recklessly!
You are too injured to fight recklessly!
You are too injured to fight recklessly!
You are too injured to fight recklessly!
You are too injured to fight recklessly!
You are too injured to fight recklessly!
You are too injured to fight recklessly!
You are too injured to fight recklessly!
The ball python bites you but does no damage.
The ball python grabs you. The ball python constricts you.
The rat closely misses you.
You escape the ball python's grasp.
The orc priest invokes the aid of Beogh against you.
Beogh smites you!
You die...

#.#.....##............
#+#.....##.#.##....#.#
.....##.##.#.##....#.#
.....##.##.#.........###
.....##.##.####....###..
........................
......#.#.###.##.....#.#
#+#.....#.###.##.....#.#
..............@.......
#.#.###.#...g.........
....# # #.#.#.rS......
....#.#.og#.>...
#.......l.##....
.......†........
.##........J....
#......o......
...............


You could see an orc priest, an orc, a leopard gecko, a hobgoblin, a goblin, a
ball python and a rat.

Vanquished Creatures
  Jessica (D:3)
  2 adders (D:2)
  An ooze (D:1)
  2 worms (D:2)
  A dart slug (D:1)
  4 leopard geckos
  3 giant cockroaches
  8 goblins
  7 hobgoblins
  8 kobolds (D:1)
  A quokka (D:2)
  6 bats
  3 frilled lizards (D:2)
  6 rats
53 creatures vanquished.

Notes
Turn   | Place    | Note
-------+----------+-------------------------------------------
     0 | D:1      | khargal the Gargoyle Monk began the quest for the Orb.
     0 | D:1      | Reached XP level 1. HP: 14/14 MP: 1/1
    76 | D:1      | Reached XP level 2. HP: 13/19 MP: 2/2
   520 | D:1      | Reached XP level 3. HP: 23/24 MP: 3/3
   826 | D:2      | Reached skill level 1 in Armour
   826 | D:2      | Reached XP level 4. HP: 25/29 MP: 4/4
  1636 | D:3      | Noticed Jessica
  1651 | D:3      | Killed Jessica
  1651 | D:3      | Reached skill level 4 in Maces & Flails
  1724 | D:3      | Killed from afar by an orc priest

Vault maps used:
D:1:      lightli_arrival_windingriver
D:3:      overflow_temple_1_default, nicolae_overflow_hidden_temple,
          nicolae_overflow_crystal_walls, first_ration, uniq_jessica

Skill      XL: |  1  2  3  4 |
---------------+-------------+-----
Armour         | 1 |  1.9
Maces & Flails | 4 |  4.1
Dodging        | 3 |  3.0
Fighting       | |  3.8
Stealth        | |  2.2

Action                   |  1- 3 |  4- 6 || total
-------------------------+-------+-------++-------
Melee: Mace              |     7 |       ||     7
       Whip              |   119 |   107 ||   226
  Use: Scroll            |       |     3 ||     3
 Stab: Sleeping          |     6 |     1 ||     7
  Eat: Chunk             |       |     3 ||     3
Armor: Robe              |    15 |     7 ||    22
       Ring mail         |    17 |    30 ||    47
Dodge: Dodged            |    90 |    60 ||   150

Table legend:
 A = Spawn XP
 B = Non-spawn XP
 C = Spawn XP percentage of total XP
 D = Spawn monster count
 E = Non-spawn monster count
 F = Spawn count percentage of total count
 G = Total turns spent on level
                    A         B        C        D         E        F      G
               +---------+---------+-------+---------+---------+-------+---------
         Total |       0 |     163 |   0.0 |       0 |      53 |   0.0 |  1724
               +---------+---------+-------+---------+---------+-------+---------
           D:1 |       0 |      48 |   0.0 |       0 |      24 |   0.0 |   745
           D:2 |       0 |      68 |   0.0 |       0 |      24 |   0.0 |   833
           D:3 |       0 |      47 |   0.0 |       0 |       5 |   0.0 |   146
               +---------+---------+-------+---------+---------+-------+---------
